 Dungeon Crawl Stone Soup version 0.16.0 (webtiles) character file.

4955 Sixotanaka the Frost Mage (level 10, -2/63 HPs)
             Began as a Merfolk Ice Elementalist on Mar 17, 2015.
             Was a Priest of Vehumet.
             Slain by an unseen horror (9 damage)
             ... on level 10 of the Dungeon.
             The game lasted 00:36:15 (11965 turns).

Sixotanaka the Frost Mage (MfIE)                   Turns: 11965, Time: 00:36:15

Health: -2/63      AC: 10    Str:  9    XL:     10   Next: 53%
Magic:  16/16      EV: 13    Int: 17    God:    Vehumet [***...]
Gold:   346        SH:  0    Dex: 15    Spells: 3 memorised, 6 levels left

rFire  + . .     SeeInvis .     L - +7 spear of the Unkillable {flame, rPois}
rCold  + . .     Clarity  .     S - +2 robe {rF+}
rNeg   . . .     SustAb   .     (no shield)
rPois  +         Gourm    .     R - +0 helmet
rElec  .         Spirit   .     q - +0 cloak
rCorr  .         Warding  .     a - +0 pair of gloves
rMut   +         Stasis   .     (no boots)
MR     .....                    W - amulet of resist mutation
Stlth  ++........               G - +3 ring of protection
                                V - ring of protection from cold

@: lethally poisoned (-2 -> -5), not resistant to hostile enchantments,
unstealthy
A: change form in water, swift swim
a: Renounce Religion


You were on level 10 of the Dungeon.
You worshipped Vehumet.
Vehumet was most pleased with you.
You were not hungry.

You visited 2 branches of the dungeon, and saw 11 of its levels.

You collected 346 gold pieces.


   Skills:
 - Level 8.0 Polearms
 - Level 2.6 Dodging
 - Level 2.1 Stealth
 - Level 2.0 Spellcasting
 - Level 7.3 Conjurations
 + Level 12.3 Ice Magic


You had 6 spell levels left.
You knew the following spells:

 Your Spells              Type           Power        Failure   Level  Hunger
c - Throw Icicle          Conj/Ice       #####...     1%          4    #####..
x - Throw Frost           Conj/Ice       #####.       1%          2    ###....
z - Freeze                Ice            ####         1%          1    #......


Dungeon Overview and Level Annotations

Branches:
Dungeon (10/15)            Temple (1/1) D:7             Orc (0/4) D:9
   Lair: D:8-11

Altars:
Ashenzari
Dithmenos
Elyvilon
Fedhas
Makhleb
Qazlal
Ru
Trog
Vehumet
Zin
The Shining One

Shops:
D:7 =   D:9 }

Annotations:
D:5 exclusion: ice beast

Inventory:

Hand weapons
 x - a +0 blowgun
 z - a +0 blowgun
 L - the +7 spear of the Unkillable (weapon) {flame, rPois}
   (You found it on level 5 of the Dungeon)

   It has been specially enchanted to burn those struck by it, causing extra
   injury to most foes and up to half again as much damage against particularly
   susceptible opponents.
   It protects you from poison.
Missiles
 f - 27 stones
 o - 6 tomahawks (quivered)
 y - 7 curare-tipped needles
 P - a throwing net
 X - 19 poisoned needles
Armour
 a - a +0 pair of gloves (worn)
 q - a +0 cloak (worn)
 R - a +0 helmet (worn)
 S - a +2 robe of fire resistance (worn)
   (You took it off Psyche on level 8 of the Dungeon)
Magical staves
 B - an uncursed staff of power {!a}
Jewellery
 g - an uncursed ring of protection from magic
 G - a +3 ring of protection (right hand)
 I - an uncursed amulet of resist corrosion
 V - a ring of protection from cold (left hand)
 W - an amulet of resist mutation (around neck)
Magical devices
 F - a wand of fire (10)
Scrolls
 h - 2 scrolls of enchant weapon
 l - 2 scrolls of fear
 n - 6 scrolls of remove curse {@r2}
 r - a scroll of vulnerability {unknown}
 u - a scroll of fog {unknown}
 E - 2 scrolls of teleportation {unknown}
 J - 2 scrolls of magic mapping
 M - a scroll of immolation {unknown}
 O - a scroll of recharging {unknown}
 Z - a scroll of random uselessness {unknown}
Potions
 d - a potion of ambrosia {unknown}
 e - 4 potions of degeneration {unknown}
 i - a potion of heal wounds {unknown}
 k - a potion of brilliance {unknown}
 p - 2 potions of haste {unknown}
 s - 3 potions of might {unknown}
 t - a potion of beneficial mutation {unknown}
 A - 2 potions of curing {unknown}
 D - a potion of restore abilities {unknown}
 H - a potion of lignification {unknown}
 N - 2 potions of resistance {unknown}
 T - 4 potions of poison {!q}
 U - a potion of cure mutation {unknown}
 Y - 2 potions of magic {unknown}
Books
 b - a book of Frost
 j - a book of the Earth
 v - a book of Party Tricks
 w - a Grand Grimoire {highlevel, unknown}
Comestibles
 c - 7 bread rations
 m - 2 fruits
 C - a slice of pizza
 K - 2 meat rations
 Q - 7 beef jerkies

### ###.... #.......
##############.......
#.#.......>..........
#.########............
#####)####.###.##..#.####
.#..............###.#.#####
#..........@................
...........#.###.#..#..##...
#.........†#.# #.#..#..# ..
..........#.# #.#..##.## ..
#.##...#...# #.#..##..# #. .
#...#(..# #.#..##..###.
#...#...# #.#.. #...##.
#........ .... #.#.##.
........ ..##.#..#.


There were no monsters in sight!


Message History

A crimson imp is nearby!
The crimson imp blinks!
No target in view!
Found a stone staircase leading down.
There is a stone staircase leading down here.
A kobold comes into view. It is wielding a dagger.
A scorpion comes into view.
The kobold shouts!
The kobold unwields an uncursed dagger.
The kobold wields a blowgun.
The kobold shoots a poisoned needle.
The poisoned needle hits you!
Found 21 arrows.
You see here a poisoned needle.
The kobold shoots a poisoned needle.
The poisoned needle hits you!
You see here a poisoned needle.
Attack whom?
You reach to attack!
You barely miss the scorpion.
The kobold shoots a poisoned needle.
The poisoned needle closely misses you.
You hit the scorpion but do no damage. You hit the scorpion!
You burn the scorpion. Something hits you but does no damage.
Deactivating autopickup; reactivate with Ctrl-A.
The scorpion closely misses you.
The kobold shoots a poisoned needle.
The poisoned needle closely misses you. Something hits you but does no damage.
You hit the scorpion but do no damage. Something hits you.
The scorpion barely misses you.
The kobold shoots a poisoned needle.
The poisoned needle hits you!
You are poisoned.
You barely miss the scorpion.
You feel sick. Something barely misses you. The scorpion misses you.
You hit the scorpion but do no damage.
You feel sick. Something hits you.
The kobold shoots a poisoned needle.
The poisoned needle misses you.
You puncture the scorpion! You burn the scorpion.
You kill the scorpion!
Vehumet accepts your kill. Something hits you but does no damage.
The kobold shoots a poisoned needle.
The poisoned needle hits you!
You are more poisoned.
The puff of frost hits the kobold.
You kill the kobold!
Vehumet accepts your kill.
You feel your power returning.
You feel sick. Something hits you but does no damage.
You can't see any susceptible monsters within range! (Use Z to cast anyway.) Unknown command.
You feel sick. Something hits you.
You feel sick. Something hits you!
You feel sick. Something hits you but does no damage.
Items here: ( )) † a blowgun; an uncursed dagger; 12 poisoned needles; a kobold corpse
x - a blowgun;
X - 12 poisoned needles You feel sick.
Something hits you but does no damage.
You barely miss something.
You feel sick. Something completely misses you.
You feel sick. Something hits you.
You feel sick. Something hits you.
* * * LOW HITPOINT WARNING * * *
You feel sick. Something hits you!
* * * LOW HITPOINT WARNING * * *
You see here 6 poisoned needles.
X - 18 poisoned needles (gained 6)
You feel sick. Something hits you but does no damage. Something hits you.
* * * LOW HITPOINT WARNING * * *
You see here a poisoned needle.
X - 19 poisoned needles (gained 1)
You feel sick. Something hits you but does no damage.
You start resting.
You feel sick. Something hits you but does no damage.
You start resting.
Something hits you.
* * * LOW HITPOINT WARNING * * *
You start resting.
You feel sick. Something hits you!
You die...

Action                   |  1- 3 |  4- 6 |  7- 9 | 10-12 || total
-------------------------+-------+-------+-------+-------++-------
Melee: Unarmed           |    11 |       |       |       ||    11
       Dagger            |     9 |       |       |       ||     9
       Spear             |    27 |   122 |   126 |   105 ||   380
       Trident           |       |     8 |    83 |       ||    91
 Cast: Freeze            |    21 |    63 |    78 |    19 ||   181
       Throw Frost       |     5 |    35 |    87 |    28 ||   155
       Throw Icicle      |       |       |     6 |    15 ||    21
  Use: Scroll            |       |     1 |     1 |     4 ||     6
 Stab: Sleeping          |     3 |     3 |    12 |     3 ||    21
       Distracted        |       |       |     1 |     2 ||     3
  Eat: Chunk             |     2 |     8 |    20 |     7 ||    37
       Pizza             |       |     1 |       |       ||     1
       Meat ration       |       |     1 |     1 |     1 ||     3

Vault maps used:
D:1:      dpeg_arrival_tiny_a, dk_noncrumbling_4
D:2:      forest_paths, uniq_terence, uniq_iyjb
D:3:      kennysheep_goblin_castle, first_bread, serial_co_window_serial,
          co_window_paths_b, co_window_corner_a, co_window_of_opportunity_a,
          co_window_paths_b, co_window_paths_b, co_window_cross_2,
          co_window_broadway_c, co_window_2corner, co_window_4corner_a,
          glass_columns_a, glass_columns_a, glass_columns_a, glass_columns_c,
          uniq_robin
D:4:      hangedman_decor_peaks_small
D:5:      nicolae_dithmenos_through_a_glass_darkly, uniq_natasha
D:6:      lemuel_round_altar, serial_shops,
          nicolae_shop_competitors_out_of_business, basic_altar,
          kennysheep_generic_room_14, uniq_crazy_yiuf_cottage,
          uniq_blork_the_orc
D:7:      good_gods_temple_1, kennysheep_mini_moat, lemuel_round_altar,
          temple_fountains, serial_shops, shop, grunt_ogre_cave
D:8:      lemuel_crystal_altar, uniq_psyche, uniq_prince_ribbit1
D:9:      erik_orc_1, serial_shops, shop
D:10:     minmay_wavy_crystal, serial_shops, nicolae_shop_statue_plus,
          uniq_maurice
Temple:   circular_temple_12

Notes
Turn   | Place    | Note
--------------------------------------------------------------
     0 | D:1      | Sixotanaka, the Merfolk Ice Elementalist, began the quest for the Orb.
     0 | D:1      | Reached XP level 1. HP: 13/13 MP: 3/3
   126 | D:1      | Reached XP level 2. HP: 16/19 MP: 2/4
   152 | D:1      | Reached skill level 4 in Ice Magic
  1012 | D:1      | Learned a level 2 spell: Throw Frost
  1020 | D:2      | Reached XP level 3. HP: 24/24 MP: 6/6
  1070 | D:2      | Noticed Ijyb
  1086 | D:2      | Killed Ijyb
  1086 | D:2      | Reached skill level 1 in Polearms
  1341 | D:2      | Reached skill level 2 in Polearms
  1341 | D:2      | Reached XP level 4. HP: 30/30 MP: 4/7
  1343 | D:2      | Reached skill level 5 in Ice Magic
  1614 | D:2      | Noticed Terence
  1664 | D:2      | Killed Terence
  1669 | D:2      | HP: 7/30 [hobgoblin/club (3)]
  2450 | D:3      | Reached skill level 3 in Polearms
  2450 | D:3      | Reached XP level 5. HP: 35/35 MP: 5/9
  2783 | D:3      | HP: 8/35 [poisoned by kobold (curare-tipped needle)]
  2788 | D:3      | HP: 7/35 [poisoned by kobold (curare-tipped needle)]
  2793 | D:3      | HP: 5/35 [poisoned by kobold (curare-tipped needle)]
  2870 | D:2      | Fiveotanaka: uhhh immune to rotting
  2870 | D:2      | Fiveotanaka: i guess this is a bad ds mut?
  2870 | D:2      | Sixotanaka: lol
  3221 | D:3      | Reached skill level 6 in Ice Magic
  3233 | D:3      | Reached skill level 4 in Polearms
  3438 | D:3      | Reached XP level 6. HP: 36/41 MP: 5/10
  3802 | D:3      | Noticed Robin
  4062 | D:3      | HP: 6/41 [Robin/wand of magic darts (5)]
  4267 | D:3      | Killed Robin
  4767 | D:3      | Reached skill level 7 in Ice Magic
  4853 | D:4      | Reached skill level 5 in Polearms
  4925 | D:4      | Reached XP level 7. HP: 38/46 MP: 0/12
  5114 | D:4      | HP: 10/46 [orc wizard/magic dart (3)]
  5709 | D:4      | Reached skill level 6 in Polearms
  5858 | D:5      | Entered Level 5 of the Dungeon
  5959 | D:5      | Found a shadowy altar of Dithmenos.
  5974 | D:5      | Reached skill level 8 in Ice Magic
  6099 | D:5      | Reached skill level 7 in Polearms
  6197 | D:5      | Reached skill level 8 in Polearms
  6197 | D:5      | Reached XP level 8. HP: 23/52 MP: 3/13
  6441 | D:5      | Reached skill level 1 in Conjurations
  6615 | D:5      | Got a crystal spear
  6616 | D:5      | Identified the +7 spear of the Unkillable {flame, rPois} (You found it on level 5 of the Dungeon)
  6643 | D:5      | Reached skill level 2 in Conjurations
  6868 | D:5      | Learned a level 4 spell: Throw Icicle
  6940 | D:5      | Noticed Natasha
  6946 | D:5      | Killed Natasha
  6969 | D:5      | Reached skill level 3 in Conjurations
  7047 | D:5      | Noticed Natasha
  7052 | D:5      | Killed Natasha
  7299 | D:7      | Found Qisiehuv's Jewellery Emporium.
  7334 | D:7      | Found a white marble altar of Elyvilon.
  7335 | D:7      | Found a glowing golden altar of the Shining One.
  7336 | D:7      | Found a glowing silver altar of Zin.
  7429 | D:7      | Found a staircase to the Ecumenical Temple.
  7445 | D:7      | Reached skill level 4 in Conjurations
  7522 | Temple   | Entered the Ecumenical Temple
  7531 | Temple   | Became a worshipper of Vehumet
  7610 | D:7      | Reached skill level 5 in Conjurations
  7652 | D:7      | Found a stormy altar of Qazlal.
  7678 | D:7      | Found a bloodstained altar of Trog.
  8001 | D:7      | Reached XP level 9. HP: 48/57 MP: 7/14
  8219 | D:7      | Reached skill level 6 in Conjurations
  8738 | D:8      | Noticed Psyche
  8742 | D:8      | Killed Psyche
  8742 | D:8      | Reached skill level 7 in Conjurations
  8769 | D:8      | Found a shattered altar of Ashenzari.
  9006 | D:8      | Noticed Prince Ribbit
  9026 | D:8      | Reached skill level 9 in Ice Magic
  9053 | D:8      | Killed Prince Ribbit
  9053 | D:8      | Acquired Vehumet's first power
  9053 | D:8      | Offered knowledge of Flame Tongue by Vehumet.
  9320 | D:8      | Reached skill level 10 in Ice Magic
  9331 | D:8      | HP: 14/57 [ice beast (8)]
  9335 | D:8      | HP: 3/57 [ice beast (8)]
  9848 | D:8      | Reached XP level 10. HP: 63/63 MP: 6/16
 10138 | D:9      | Reached skill level 11 in Ice Magic
 10247 | D:9      | Offered knowledge of Magic Dart by Vehumet.
 10266 | D:9      | Found Doesk's Gadget Shop.
 11101 | D:9      | Found a staircase to the Orcish Mines.
 11102 | D:9      | Offered knowledge of Throw Flame by Vehumet.
 11332 | D:9      | Reached skill level 12 in Ice Magic
 11476 | D:10     | Entered Level 10 of the Dungeon
 11522 | D:10     | Acquired Vehumet's second power
 11961 | D:10     | HP: 12/63 [something (5)]
 11965 | D:10     | Slain by an unseen horror

Vanquished Creatures
  Psyche (D:8)
  Prince Ribbit (D:8)
  A trapdoor spider (D:10)
  3 hippogriffs
  A swamp drake (D:9)
  2 phantoms (D:7)
  3 centaurs
  3 orc warriors
  4 ogres
  A black bear (D:9)
  An ice beast (D:8)
  6 scorpions
  A wyvern skeleton (D:9)
  A hippogriff zombie (D:8)
  4 wights
  12 killer bees
  3 crimson imps
  2 hounds
  4 jellies
  12 orc priests
  A centaur skeleton (D:4)
  2 iguanas
  Natasha (twice) (D:5)
  10 orc wizards
  2 worker ants
  Ijyb (D:2)
  A hound skeleton (D:10)
  Terence (D:2)
  Robin (D:3)
  6 adders
  6 gnolls
  A scorpion zombie (D:8)
  3 giant mites
  3 shadow imps
  4 worms
  An adder zombie (D:9)
  An adder skeleton (D:5)
  2 oozes
  56 orcs
  4 ball pythons
  14 bats
  10 giant cockroaches
  16 hobgoblins
  22 jackals
  3 quokkas
  5 giant geckos
  8 giant newts
  21 goblins
  16 kobolds
  A quokka skeleton (D:4)
  A quokka zombie (D:7)
  8 rats
  A ballistomycete (D:10)
300 creatures vanquished.

Vanquished Creatures (others)
  A giant spore (D:10)
1 creature vanquished.

Grand Total: 301 creatures vanquished
